 Dungeon Crawl Stone Soup version 0.20-a0-187-ge5586d949a (webtiles) character file.

1044 Gorice the Bolt Thrower (level 8, -1/53 HPs)
             Began as a Kobold Arcane Marksman on Nov 23, 2016.
             Was a Follower of Okawaru.
             Splashed by a crimson imp's acid (13 damage)
             ... on level 6 of the Dungeon.
             The game lasted 00:22:58 (5059 turns).

Gorice the Bolt Thrower (Kobold Arcane Marksman)    Turns: 5059, Time: 00:23:01

Health: -1/53      AC:  7    Str: 10    XL:     8   Next: 49%
Magic:  8/9        EV: 15    Int: 14    God:    Okawaru [*.....]
Gold:   332        SH:  0    Dex: 15    Spells: 8/9 levels left

rFire  . . .     SeeInvis .     b - +0 flail
rCold  . . .     Gourm    .     o - +0 ring mail
rNeg   . . .     Faith    .     (shield restricted)
rPois  .         Spirit   .     (no helmet)
rElec  .         Reflect  .     i - +1 cloak
rCorr  .         Harm     .     v - +0 pair of gloves
MR     +....                    n - +2 pair of boots
Stlth  +.........               (no amulet)
                                w - ring of flight
                                z - ring of protection from magic

@: corroded
A: carnivore 3
a: Heroism, Renounce Religion, Evoke Flight


You were on level 6 of the Dungeon.
You worshipped Okawaru.
Okawaru was aware of your devotion.
You were very full.

You visited 2 branches of the dungeon, and saw 7 of its levels.

You collected 332 gold pieces.

Inventory:

Hand Weapons
 a - a +0 hand crossbow
 b - a +0 flail (weapon)
 j - a +0 long sword
 t - a +0 mace
 u - a +0 dagger
 C - a +0 dagger
 F - a +0 whip
Missiles
 d - 24 bolts
 D - 42 poisoned needles
Armour
 e - a +0 robe
 i - a +1 cloak (worn)
 n - a +2 pair of boots (worn)
 o - a +0 ring mail (worn)
 v - a +0 pair of gloves (worn)
 y - a +0 chain mail
Jewellery
 w - a ring of flight (right hand)
 z - a ring of protection from magic (left hand)
Wands
 J - a wand of polymorph (6/24)
 L - a wand of lightning (6/15)
Scrolls
 r - 3 scrolls of remove curse
 x - a scroll of noise {!r}
 B - a scroll of fog
 E - 2 scrolls of teleportation {!r}
Potions
 k - a potion of mutation {!q}
 l - a potion of invisibility {!q}
 m - a potion of curing
 p - a potion of flight
 s - a potion of brilliance {!q}
 A - 3 potions of haste {!q}
 G - a potion of heal wounds {unknown}
 H - a potion of magic {unknown}
 I - a potion of cure mutation {unknown}
 K - a potion of berserk rage {unknown}
 M - a potion of agility {unknown}
Books
 c - a book of Debilitation
 g - a book of Maledictions
 q - Vehumet's Tome of Attacks
   (You found it on level 4 of the Dungeon)

   Spells                             Type                      Level
   a - Magic Dart                     Conjuration                  1
Comestibles
 f - 3 meat rations {!e}
 h - 2 beef jerkies


   Skills:
 + Level 7.0 Fighting
 - Level 7.2 Crossbows
 + Level 5.0 Dodging
 - Level 1.1 Spellcasting
 - Level 3.0 Hexes


You had 8 spell levels left.
You knew the following spells:

 Your Spells              Type           Power        Failure   Level  Hunger
a - Corona                Hex            #......      21%         1    ##.....


Dungeon Overview and Level Annotations

Branches:
Dungeon (6/15)             Temple (1/1) D:4

Altars:
Ashenzari
Cheibriados
Dithmenos
Elyvilon
Hepliaklqana
Kikubaaqudgha
Makhleb
Nemelex Xobeh
Okawaru
Qazlal
Ru
Sif Muna
Trog
Uskayaw
Vehumet
Yredelemnul
Zin
The Shining One


Innate Abilities, Weirdness & Mutations

You are small and have problems with some larger weapons.
You are carnivorous and can eat meat at any time.


Message History

There is a stone staircase leading down here.
You climb downwards.
There is a stone staircase leading up here.
Found an escape hatch in the ceiling.
A crimson imp comes into view.
Casting: Corona
Confirm with . or Enter, or press ? or * to list all spells.
Aiming: Corona
Press: ? - help, Shift-Dir - straight line, f - crimson imp
Aim: a crimson imp (hasn't noticed you, chance to defeat MR: 27%)
The crimson imp shouts!
The crimson imp resists with some effort.
Casting: Corona
Confirm with . or Enter, or press ? or * to list all spells.
Aiming: Corona
Press: ? - help, Shift-Dir - straight line, f/p - crimson imp
Aim: a crimson imp (chance to defeat MR: 27%)
The crimson imp is outlined in light.
The crimson imp blinks!
Casting: Corona
Confirm with . or Enter, or press ? or * to list all spells.
Okay, then.
Unknown command.
The crimson imp closely misses you.
A giant cockroach comes into view.
You barely miss the crimson imp. The crimson imp hits you.
Damage: 3 (max 3)
You hit the crimson imp.
The crimson imp is moderately wounded.
The crimson imp zaps a wand.
The bolt of acid hits you!
You are splashed with acid!
The acid burns!
It is a wand of acid (?/15).
Damage: 21 (max 21)
You hit the crimson imp.
The crimson imp is heavily wounded.
The crimson imp hits you but does no damage.
The crimson imp zaps a wand.
The bolt of acid misses you.
You barely miss the crimson imp.
The crimson imp is moderately wounded.
The crimson imp closely misses you.
You closely miss the crimson imp.
The crimson imp is moderately wounded.
The crimson imp stops glowing.
The crimson imp closely misses you.
The crimson imp blinks!
The crimson imp barely misses you.
You sock the crimson imp!
The crimson imp is severely wounded.
The giant cockroach closely misses you.
The crimson imp zaps a wand.
The bolt of acid hits you!
* * * LOW HITPOINT WARNING * * *
The acid corrodes you!
You are splashed with acid!
The acid burns!
You die...

.....##.....###
#######........
..........########
####.............#
#.####.######.#
#.#
#.######.###.##
#.#
#.#.......<...#
#.#
#.#.####.###..#
#.# #.#
#..5@s§...# #.#
#.# #.#.###...#
#.# #.#..... .....
#.# #.###### ....
#.# ... #.# .. #.#
. ####.# .....#


You could see a crimson imp and a giant cockroach.

Vanquished Creatures
  2 sky beasts (D:5)
  An ice beast (D:5)
  A phantom (D:4)
  An ogre (D:4)
  2 scorpions
  A crimson imp (D:6)
  A jelly (D:5)
  4 hounds
  2 iguanas
  4 worker ants
  A hound skeleton (D:4)
  4 gnolls
  A howler monkey skeleton (D:4)
  2 adders (D:2)
  An adder skeleton (D:2)
  An adder zombie (D:2)
  A worm (D:3)
  2 dart slugs (D:1)
  2 leopard geckos (D:3)
  3 orcs
  A bat zombie (D:2)
  A giant cockroach (D:3)
  4 hobgoblins
  10 jackals
  6 kobolds
  3 quokkas
  A ball python zombie (D:5)
  A bat (D:3)
  3 frilled lizards
  A giant cockroach zombie (D:5)
  11 goblins
  A jackal zombie (D:2)
  A leopard gecko zombie (D:1)
  A quokka skeleton (D:2)
  A quokka zombie (D:1)
  9 rats
92 creatures vanquished.

Notes
Turn   | Place    | Note
-------+----------+-------------------------------------------
     0 | D:1      | Gorice the Kobold Arcane Marksman began the quest for the Orb.
     0 | D:1      | Reached XP level 1. HP: 12/12 MP: 2/2
    68 | D:1      | Reached skill level 3 in Crossbows
    70 | D:1      | Reached XP level 2. HP: 16/16 MP: 0/3
   300 | D:1      | Reached skill level 2 in Fighting
   356 | D:1      | Reached XP level 3. HP: 21/21 MP: 1/4
   868 | D:2      | Reached XP level 4. HP: 27/27 MP: 2/5
  1089 | D:2      | Reached skill level 3 in Fighting
  1089 | D:2      | Reached skill level 4 in Crossbows
  2132 | D:4      | Noticed an ogre
  2138 | D:4      | Killed an ogre
  2138 | D:4      | Reached skill level 5 in Crossbows
  2138 | D:4      | Reached XP level 5. HP: 33/33 MP: 4/6
  2161 | D:4      | Noticed a phantom
  2180 | D:4      | Killed a phantom
  2180 | D:4      | Reached skill level 4 in Fighting
  2180 | D:4      | Reached skill level 6 in Crossbows
  2180 | D:4      | Reached XP level 6. HP: 33/38 MP: 2/7
  2553 | D:3      | Reached XP level 7. HP: 38/44 MP: 3/8
  2781 | D:4      | Reached skill level 5 in Fighting
  2914 | D:4      | Reached skill level 7 in Crossbows
  3370 | D:4      | Found an ancient bone altar of Kikubaaqudgha.
  3375 | D:4      | Found a deep blue altar of Sif Muna.
  3377 | D:4      | Found a radiant altar of Vehumet.
  3381 | D:4      | Identified Vehumet's Tome of Attacks
  3424 | D:4      | Found a staircase to the Ecumenical Temple.
  3428 | Temple   | Entered the Ecumenical Temple
  3658 | Temple   | Became a worshipper of Warmaster Okawaru
  3766 | D:4      | Found a bloodstained altar of Trog.
  3766 | D:4      | Found a sparkling altar of Nemelex Xobeh.
  3800 | D:5      | Entered Level 5 of the Dungeon
  3885 | D:5      | Reached skill level 6 in Fighting
  3885 | D:5      | Reached skill level 3 in Dodging
  3885 | D:5      | Reached XP level 8. HP: 39/51 MP: 5/9
  4020 | D:5      | Reached skill level 4 in Dodging
  4221 | D:5      | Found a burning altar of Makhleb.
  4408 | D:5      | Found a shattered altar of Ashenzari.
  4584 | D:5      | Reached * piety under Okawaru
  4882 | D:5      | Reached skill level 7 in Fighting
  4882 | D:5      | Reached skill level 5 in Dodging
  5059 | D:6      | HP: 12/53 [crimson imp/wand of acid (?/15) (18)]
  5059 | D:6      | Splashed by a crimson imp's acid

Vault maps used:
D:1:      saegor_arrival_fortress
D:2:      serial_undead, serial_undead_a, serial_undead_b, serial_undead_c,
          serial_undead_a
D:3:      first_bread
D:4:      grunt_temple_overflow_magic_moments, gammafunk_temple_overflow_pools,
          hangedman_decor_lopped, minmay_misc_feat_doors
D:5:      bloody_makhleb, lemuel_crystal_altar
D:6:      gammafunk_temple_overflow_elements
Temple:   minmay_temple_curvy_loop

Skill      XL: |  1  2  3  4  5  6  7  8 |
---------------+-------------------------+-----
Crossbows      | 3 5 6 7 |  7.2
Fighting       | 2 3 4 6 7 |  7.0
Dodging        | 3 5 |  5.0
Spellcasting   | |  1.1
Hexes          | |  3.0

Action                   |  1- 3 |  4- 6 |  7- 9 || total
-------------------------+-------+-------+-------++-------
Melee: Whip              |       |    35 |       ||    35
       Flail             |       |       |   157 ||   157
 Fire: Hand crossbow     |    58 |    73 |     3 ||   134
 Cast: Corona            |    29 |    44 |    67 ||   140
  Use: Scroll            |     6 |     7 |     2 ||    15
  Eat: Chunk             |     9 |     7 |    10 ||    26
Armor: Robe              |     2 |       |       ||     2
       Ring mail         |     3 |    30 |    83 ||   116
Dodge: Dodged            |    19 |    58 |   154 ||   231

Table legend:
 A = Turns spent in this place as a percentage of turns spent in the entire game.
 B = Non-inter-level travel turns spent in this place as a percentage of non-inter-level travel turns spent in the entire game.
 C = Inter-level travel turns spent in this place as a percentage of turns spent in this place.
 D = Turns resting spent in this place as a percentage of non-inter-level travel turns spent in this place.
 E = Turns spent auto-exploring this place as a percentage of non-inter-level travel turns spent in this place.
 F = Non-inter-level travel turns spent in this place divided by the number of levels of this place that you've seen.
                   A       B       C       D       E      F
               +-------+-------+-------+-------+-------+----------------------
         Total | 100.0 | 100.0 |   0.9 |   2.3 |   7.9 | 232.6
       Dungeon |  98.0 |  98.1 |   0.8 |   2.3 |   7.3 | 266.2
        Temple |   2.0 |   1.9 |   6.1 |   0.0 |  38.7 |  31.0
               +-------+-------+-------+-------+-------+----------------------

Vault maps used:
D:1:      saegor_arrival_fortress
D:2:      serial_undead, serial_undead_a, serial_undead_b, serial_undead_c,
          serial_undead_a
D:3:      first_bread
D:4:      grunt_temple_overflow_magic_moments, gammafunk_temple_overflow_pools,
          hangedman_decor_lopped, minmay_misc_feat_doors
D:5:      bloody_makhleb, lemuel_crystal_altar
D:6:      gammafunk_temple_overflow_elements
Temple:   minmay_temple_curvy_loop
